 Seeded DCSS version 0.30.1-3-gfc49f6343a (webtiles) character file.

Game seed: 4840754667676823100 (custom seed)

421471 CInkIbrahim the Slayer (level 24, 0/195 HPs)
             Began as a Formicid Fighter on July 25, 2023.
             Was a Believer of Lugonu.
             Slain by Parghit (23 damage)
             ... on level 3 of the Depths on July 27, 2023.
             The game lasted 01:50:50 (49122 turns).

CInkIbrahim the Slayer (Formicid Fighter)          Turns: 49122, Time: 01:50:50

Health: 0/195      AC: 42    Str: 36    XL:     24   Next: 87%
Magic:  26/26      EV: 17    Int: 20    God:    Lugonu [**....]
Gold:   1750       SH: 16    Dex: 15    Spells: 23/23 levels left

rFire   + + +        a - +5 glaive of the Guard {elec, spectral, AC+5}
rCold   + + .        c - +2 kite shield {rPois}
rNeg    + . .        e - +10 pearl dragon scales
rPois   +            (helmet unavailable)
rElec   +            r - scarf {rC+ rF+}
rCorr   .            z - +1 pair of gloves of the Dragon {Str+2}
SInv    +            h - +1 pair of boots of Feasting {Int+7 Dex+2}
Will    +++..        N - amulet of Etoenoel {Acrobat rC+ Str+3}
Stlth   ++++++++     J - ring of Shadows {Umbra +Inv Stlth+}
HPRegen 0.52/turn    n - ring of Anylucoh {Fly rElec rF+ Will+ Int+3}
MPRegen 0.20/turn

%: acrobat
@: mighty, flying, wreathed by umbra, studying 3 skills
A: permanent stasis, dig shafts and tunnels, antennae 3, four strong arms,
iridescent scales 1, fire resistance 3, frail 1, low MP 1, wild magic 1
}: 2/15 runes: decaying, serpentine
a: Dig, Shaft Self, Renounce Religion, Evoke Invisibility, Depart the Abyss,
Banish


You were on level 3 of the Depths.
You worshipped Lugonu.
Lugonu was pleased with you.
You visited 9 branches of the dungeon, and saw 41 of its levels.
You visited the Abyss 1 time.
You also visited: Trove, Ossuary, Gauntlet, Ice Cave and Desolation.

You collected 6701 gold pieces.
You spent 4951 gold pieces at shops.

Inventory:

Hand Weapons
 a - the +5 glaive of the Guard (weapon) {elec, spectral, AC+5}
   (You found it on level 4 of the Dungeon)

   AC:        It affects your AC (+5).
 b - the +10 bardiche of Desperation {heavy, Int+3 Dex+2}
   (You acquired it on level 2 of the Depths)

   Int:       It affects your intelligence (+3).
   Dex:       It affects your dexterity (+2).
Armour
 c - a +2 kite shield of poison resistance (worn)
 e - +10 pearl dragon scales (worn)
 h - the +1 pair of boots of Feasting (worn) {Int+7 Dex+2}
   (You found it in a Gauntlet)

   Int:       It affects your intelligence (+7).
   Dex:       It affects your dexterity (+2).
 r - a scarf of resistance (worn)
 s - a +0 pair of boots of stealth
 z - the +1 pair of gloves of the Dragon (worn) {Str+2}
   (You found it in a Gauntlet)

   Str:       It affects your strength (+2).
 A - a +0 pair of boots of rampaging
 I - the +3 pair of gloves "Faolo" {Fly rPois}
   (You found it in a treasure trove)

   rPois:     It protects you from poison.
   Fly:       It grants you flight.
 Q - the +5 faerie dragon scales {rF++ rCorr MP+10 Dex+5}
   (You took it off the Enchantress on level 15 of the Dungeon)

   Dex:       It affects your dexterity (+5).
   rF:        It greatly protects you from fire.
   MP:        It affects your magic capacity (+10).
   rCorr:     It protects you from acid and corrosion.
Jewellery
 n - the ring of Anylucoh (right hand) {Fly rElec rF+ Will+ Int+3}
   (You acquired it on level 3 of the Dungeon)

   [ring of flight]

   Int:       It affects your intelligence (+3).
   rF:        It protects you from fire.
   rElec:     It insulates you from electricity.
   Fly:       It grants you flight.
   Will:      It increases your willpower.
 q - a +5 ring of evasion
 u - a ring of resist corrosion
 B - the amulet of Xom's Whimsicality {Spirit Str+3}
   (You found it in a treasure trove)

   [amulet of guardian spirit]

   It causes incoming damage to be divided between your reserves of health and
   magic.
   Str:       It affects your strength (+3).
 G - a ring of ice
 J - the ring of Shadows (left hand) {Umbra +Inv Stlth+}
   (You bought it in a shop on level 1 of the Snake Pit)

   [ring of stealth]

   Umbra:     It surrounds you with an aura of shadow, increasing your stealth
   and reducing the accuracy of all others within it.
   +Inv:      It lets you turn invisible.
   Stlth:     It makes you more stealthy.
 N - the amulet of Etoenoel (around neck) {Acrobat rC+ Str+3}
   (You found it in a treasure trove)

   [amulet of the acrobat]

   It increases your evasion while moving and waiting.
   Str:       It affects your strength (+3).
   rC:        It protects you from cold.
 S - an amulet of faith
Wands
 f - a wand of light (1)
 y - a wand of digging (7)
 D - a wand of iceblast (24)
 F - a wand of flame (16)
 Y - a wand of paralysis (9)
Scrolls
 g - 11 scrolls of amnesia
 i - 4 scrolls of torment
 j - 5 scrolls of fog
 k - 5 scrolls of fear
 l - a scroll of butterflies
 v - a scroll of enchant weapon
 K - 5 scrolls of noise
 L - 2 scrolls of brand weapon
 O - 6 scrolls of magic mapping
 P - 5 scrolls of poison
 R - 2 scrolls of silence
 T - 11 scrolls of immolation
 W - 7 scrolls of vulnerability
Potions
 d - 5 potions of cancellation
 m - 6 potions of flight
 p - 5 potions of heal wounds
 t - 6 potions of might
 w - 2 potions of brilliance
 x - 10 potions of mutation
 E - 5 potions of lignification
 H - 3 potions of attraction
 U - 3 potions of resistance
 V - 2 potions of ambrosia
 X - 25 potions of curing
Miscellaneous
 o - a phantom mirror
 C - a phial of floods
 M - a tin of tremorstones (2/2)
 Z - a lightning rod (4/4)


   Skills:
 - Level 24.0 Fighting
 * Level 21.2 Polearms
 - Level 20.3 Armour
 - Level 12.8 Dodging
 - Level 16.2 Stealth
 - Level 17.1 Shields
 + Level 8.9 Invocations
 - Level 14.5 Evocations


You had 23 spell levels left.
You didn't know any spells.
Your spell library contained the following spells:

 Spells                   Type           Power      Damage    Failure   Level
 Apportation              Tloc           0%         N/A       45%         1
 Beastly Appendage        Tmut           0%         N/A       45%         1
 Freeze                   Ice            0%         1d3       45%         1
 Kiss of Death            Conj/Necr      0%         2d5       45%         1
 Magic Dart               Conj           0%         1d3       45%         1
 Necrotise                Necr           0%         1d4       45%         1
 Sandblast                Erth           0%         2d4       45%         1
 Slow                     Hex            0%         N/A       45%         1
 Summon Small Mammal      Summ           0%         N/A       45%         1
 Call Imp                 Summ           0%         N/A       58%         2
 Cigotuvi's Dreadful Rot  Necr/Pois/Air  0%         N/A       58%         2
 Lesser Beckoning         Tloc           0%         N/A       58%         2
 Momentum Strike          Conj/Tloc      0%         3d8       58%         2
 Passwall                 Tmut/Erth      0%         N/A       58%         2
 Poisonous Vapours        Pois/Air       0%         N/A       58%         2
 Scorch                   Fire           0%         2d5       58%         2
 Static Discharge         Conj/Air       0%         2-2/arc   58%         2
 Confusing Touch          Hex            0%         N/A       80%         3
 Dazzling Flash           Conj/Hex       0%         N/A       80%         3
 Frozen Ramparts          Ice            0%         1d1       80%         3
 Gell's Gravitas          Tloc           0%         N/A       80%         3
 Hailstorm                Conj/Ice       0%         3d3       80%         3
 Mephitic Cloud           Conj/Pois/Air  0%         N/A       80%         3
 Ozocubu's Armour         Ice            0%         N/A       80%         3
 Portal Projectile        Hex/Tloc       0%         N/A       80%         3
 Stone Arrow              Conj/Erth      0%         3d7       80%         3
 Teleport Other           Tloc           0%         N/A       80%         3
 Tukima's Dance           Hex            0%         N/A       80%         3
 Vampiric Draining        Necr           0%         2d6       80%         3
 Volatile Blastmotes      Fire/Tloc      0%         2d10      80%         3
 Airstrike                Air            0%         2d(0-16)  99%         4
 Animate Armour           Summ/Erth      0%         N/A       99%         4
 Cause Fear               Hex            0%         N/A       99%         4
 Dispel Undead            Necr           0%         3d6       99%         4
 Flame Wave               Conj/Fire      0%         2d4       99%         4
 Ice Form                 Ice/Tmut       0%         N/A       99%         4
 Iskenderun's Mystic Bla  Conj/Tloc      0%         2d3       99%         4
 Manifold Assault         Tloc           0%         N/A       99%         4
 Passage of Golubria      Tloc           0%         N/A       99%         4
 Petrify                  Tmut/Erth      0%         N/A       99%         4
 Summon Ice Beast         Ice/Summ       0%         N/A       99%         4
 Summon Lightning Spire   Summ/Air       0%         N/A       99%         4
 Agony                    Necr           0%         N/A       100%        5
 Alistair's Intoxication  Tmut/Pois      0%         N/A       100%        5
 Arcjolt                  Conj/Air       0%         1d10      100%        5
 Blade Hands              Tmut           0%         N/A       100%        5
 Borgnjor's Vile Clutch   Necr/Erth      0%         N/A       100%        5
 Fireball                 Conj/Fire      0%         3d3       100%        5
 Freezing Cloud           Conj/Ice/Air   0%         6-21      100%        5
 Iskenderun's Battlesphe  Conj           0%         2d6       100%        5
 Metabolic Englaciation   Hex/Ice        0%         N/A       100%        5
 Silence                  Hex/Air        0%         N/A       100%        5
 Summon Mana Viper        Hex/Summ       0%         N/A       100%        5
 Yara's Violent Unravell  Hex/Tmut       0%         3d3       100%        5
 Conjure Ball Lightning   Conj/Air       0%         3x3d6     100%        6
 Death Channel            Necr           0%         N/A       100%        6
 Dispersal                Tloc           0%         N/A       100%        6
 Iron Shot                Conj/Erth      0%         9d1       100%        6
 Plasma Beam              Fire/Air       0%         2x1d11    100%        6
 Simulacrum               Ice/Necr       0%         N/A       100%        6
 Starburst                Conj/Fire      0%         6d3       100%        6
 Statue Form              Tmut/Erth      0%         N/A       100%        6
 Summon Cactus Giant      Summ           0%         N/A       100%        6
 Dragon Form              Tmut           0%         N/A       100%        7
 Haunt                    Necr/Summ      0%         N/A       100%        7
 Monstrous Menagerie      Summ           0%         N/A       100%        7
 Orb of Destruction       Conj           0%         9d5       100%        7
 Spellforged Servitor     Conj/Summ      0%         N/A       100%        7
 Storm Form               Tmut/Air       0%         N/A       100%        7
 Discord                  Hex            0%         N/A       100%        8
 Disjunction              Tloc           0%         N/A       100%        8
 Lehudib's Crystal Spear  Conj/Erth      0%         10d2      100%        8
 Death's Door             Necr           0%         N/A       100%        9
 Dragon's Call            Summ           0%         N/A       100%        9
 Blink                    Tloc           Unusable   N/A       N/A         2
 Vhi's Electric Charge    Tloc/Air       Unusable   N/A       N/A         3

Dungeon Overview and Level Annotations

Branches:
Dungeon (15/15)            Temple (1/1) D:4            Lair (5/5) D:9
  Swamp (4/4) Lair:3        Snake (4/4) Lair:3        Slime (0/5) Lair:5
    Orc (2/2) D:11            Elf (3/3) Orc:2        Vaults (4/5) D:14
  Crypt (0/3) Vaults:2     Depths (3/4) D:15        Ossuary (visited)
  IceCv (visited)         Desolation (visited)      Gauntlet (visited)

Altars:
Ashenzari
Cheibriados
Dithmenos
Elyvilon
Fedhas
Gozag
Hepliaklqana
Kikubaaqudgha
Makhleb
Nemelex Xobeh
Okawaru
Qazlal
Ru
Sif Muna
Trog
Uskayaw
Vehumet
Wu Jian
Xom
Yredelemnul
Zin
The Shining One

Shops:
D:4 =   D:11 (   D:15 :   Orc:1 *   Orc:2 (?(!   Elf:2 (   Elf:3 **?
Snake:1 *=::(   Vaults:1 :!   Depths:1 :==

Portals:
Hell: Lair:5 Depths:1 Depths:2
Abyss: Depths:3
Pandemonium: Depths:2
Ziggurat: Depths:2

Annotations:
Depths:3 Parghit


Innate Abilities, Weirdness & Mutations

You cannot be hasted, slowed, berserked, paralysed or teleported.
You can dig through walls and to a lower floor.
You have a pair of large antennae on your head. (SInv)
Your four strong arms can wield two-handed weapons with a shield.
You are partially covered in iridescent scales. (AC +2)
Your flesh is almost immune to the effects of heat. (rF+++)
You are frail. (-10% HP)
Your magical capacity is low. (-10% MP)
Your spells are a little harder to cast, but a little more powerful.


Message History

You block the deep troll shaman's attack.
The deep troll shaman claws you.
You block the deep troll shaman's attack.
A stone giant comes into view.
Parghit bites you but does no damage. Parghit claws you but does no damage.
You block Parghit's attack.
You hear an angry hiss.
You barely miss Parghit.
Parghit is severely wounded.
Your +5 glaive of the Guard {elec, spectral, AC+5} closely misses Parghit.
You hear an angry hiss.
You hit Parghit but do no damage.
Parghit is severely wounded.
Your +5 glaive of the Guard {elec, spectral, AC+5} closely misses Parghit.
The deep troll shaman closely misses you.
You block the deep troll shaman's attack.
The deep troll shaman claws you but does no damage.
Parghit bites you! Parghit claws you!! Parghit barely misses you.
You hear an angry hiss.
You are too injured to fight recklessly!
You are too injured to fight recklessly!
You slash Parghit!
Parghit is heavily wounded.
Your +5 glaive of the Guard {elec, spectral, AC+5} hits Parghit from afar!
You hear an angry hiss.
Parghit bites you but does no damage. You block Parghit's attack. x2
The deep troll shaman bites you but does no damage.
The deep troll shaman closely misses you.
You block the deep troll shaman's attack.
You hit Parghit but do no damage. Lightning courses through Parghit!
Parghit is heavily wounded.
Your +5 glaive of the Guard {elec, spectral, AC+5} hits Parghit from afar!
You hear an angry hiss.
The deep troll shaman calls upon its god to strengthen the iron troll.
The iron troll seems to grow stronger.
You hear an angry hiss.
Parghit bites you!! Parghit claws you!!!
* * * LOW HITPOINT WARNING * * *
Parghit claws you!!
You die...

#...........
'.....(.....'...........
..#8.........8#.......[...
...?##.C.......##......<...#
.....##8.....8##.......#....
.....T##.....##........#...#
#.....##8.8##.............#
#.....##T###...........#.#
.##.....TTT@(##.........##..
........TT##................
........).{#................
............)...............
...........♣..♣.............
.........###''###...........
.........#8)...8#...........
.........#8....8#........##.
.........###++###...........


You could see Parghit (strong), 2 iron trolls, a stone giant, 2 deep trolls, a
deep troll shaman and a friendly +5 glaive of the Guard {elec, spectral, AC+5}.

Vanquished Creatures
  2 juggernauts
  Boris (Depths:3)
  Vashnia (Snake:3)
  A caustic shrike (Depths:2)
  A bone dragon (Abyss:1)
  Nikola (Elf:3)
  the Enchantress (D:15)
  A golden dragon (Depths:2)
  The ghost of Muvus the Executioner, an adept DsFi of Uskayaw (Vaults:4)
  Jorgrun (Snake:3)
  A lich (Depths:1)
  2 deep elf master archers (Elf:3)
  3 deep elf blademasters
  A quicksilver dragon (Depths:3)
  2 ancient champions (Vaults:2)
  Gastronok (D:9)
  2 sphinxes
  A thorn hunter (Swamp:4)
  The ghost of sleeves the Convoker, an adept BaSu of Sif Muna (Snake:3)
  A tentacled starspawn (Abyss:1)
  2 tengu reavers
  The ghost of gdog the Covert, an adept GnDe of Gozag (Snake:1)
  Roxanne (D:15)
  2 nagarajas
  A storm dragon (Depths:2)
  Donald (Vaults:4)
  A fire giant (Depths:1)
  10 vault wardens
  3 deep elf sorcerers (Elf:3)
  3 frost giants
  An imperial myrmidon (Desolation)
  Louise (Elf:3)
  3 angels
  8 deep elf elementalists (Elf:3)
  11 very ugly things
  13 ironbound preservers
  4 war gargoyles (Vaults:2)
  3 spriggan defenders (D:15)
  An orc warlord (Vaults:2)
  6 stone giants
  A vampire knight (Depths:1)
  5 ironbound thunderhulks
  8 deep elf annihilators
  2 eleionomae
  Nessos (D:15)
  4 bunyips
  9 deep elf demonologists
  A dire elephant (Vaults:1)
  3 halazid warlocks (Desolation)
  5 spark wasps
  Snorg (D:12)
  A minotaur (Gauntlet)
  12 deep elf death magi
  4 ettins
  3 crystal guardians
  2 fire dragons
  2 jiangshi (Depths:3)
  A merfolk impaler (Depths:1)
  7 yaktaur captains
  5 great orbs of eyes
  7 servants of whispers (Desolation)
  3 rakshasas
  3 salamander tyrants
  A shambling mangrove (Swamp:4)
  6 ragged hierophants (Desolation)
  4 ice dragons
  2 caustic shrike simulacra (IceCv)
  2 deep elf high priests
  Erolcha (D:10)
  5 peacekeepers
  A catoblepas (Lair:5)
  2 spriggan air magi
  7 anacondas
  9 two-headed ogres
  14 centaur warriors
  6 vault guards (Vaults:4)
  3 ironbound frosthearts
  5 ogre magi
  A death knight (D:15)
  21 hydras
  7 alligators
  2 ghost crabs
  3 boulder beetles
  A deep troll shaman (Depths:2)
  2 vampire magi
  32 dancing weapons
  9 naga warriors
  3 tengu warriors
  A thrashing horror (Abyss:1)
  Urug (Lair:3)
  24 death yaks
  7 deep troll earth magi
  14 naga sharpshooters
  A fire crab (Gauntlet)
  10 shock serpents
  A soul eater (Depths:2)
  16 deep elf knights
  2 spriggan berserkers
  12 hell knights
  5 orc high priests (Orc:2)
  8 skeletal warriors (D:15)
  A wretched star (Abyss:1)
  A sun demon (Depths:2)
  7 iron trolls
  5 salamander mystics
  39 deep trolls
  2 sixfirhies
  3 glowing orange brains
  An orange crystal statue (IceCv)
  17 ironbound convokers
  13 wizards
  3 naga ritualists
  4 spriggan druids
  17 deep elf archers
  A bog body (Swamp:2)
  15 starcursed masses (Abyss:1)
  3 lindwurms (Snake:4)
  13 swamp dragons
  A steelbarb worm (shapeshifter) (Elf:1)
  5 necromancers
  12 orc knights
  10 mana vipers
  32 deep elf zephyrmancers
  53 ugly things
  25 deep elf pyromancers
  4 orc sorcerers
  21 salamanders
  6 cyclopes
  4 will-o-the-wisps
  17 elephants
  A rust devil (Depths:2)
  17 naga magi
  Joseph (D:8)
  A molten gargoyle (Desolation)
  12 vault sentinels
  12 guardian serpents
  A smoke demon (Lair:5)
  2 gargoyles
  2 centaur zombies (D:15)
  An eye of devastation (Lair:5)
  30 black mambas
  A torpor snail (Lair:5)
  Maggie (D:9)
  13 cane toads
  A centaur skeleton (D:15)
  Psyche (D:11)
  5 orange demons
  7 unseen horrors
  28 yaktaurs
  An ice devil (Depths:2)
  A kobold demonologist (D:14)
  7 rime drakes
  4 tengu conjurers
  A komodo dragon (shapeshifter) (D:10)
  3 freezing wraiths
  A hellion (Depths:2)
  8 komodo dragons
  An ancient zyme (Abyss:1)
  A polar bear (Lair:5)
  7 tyrant leeches
  Prince Ribbit (Lair:3)
  5 trolls
  11 hornets
  A red devil (Lair:5)
  45 saltlings (Desolation)
  16 blink frogs
  8 dream sheep
  3 raiju (Abyss:1)
  3 air elementals
  Sigmund (D:4)
  A shadow (D:9)
  8 water elementals
  7 wraiths
  28 slime creatures
  16 spriggans
  7 wyverns
  A fire bat (shapeshifter) (D:15)
  23 yaks
  Grum (D:9)
  3 dire elephant simulacra (IceCv)
  8 fire bats
  2 neqoxecs (Abyss:1)
  4 fire elementals
  4 chaos spawn
  5 basilisks
  3 steam dragons
  14 vampire mosquitoes
  3 wargs (Orc:1)
  Menkaure (D:7)
  A harpy simulacrum (IceCv)
  8 swamp worms
  A swamp worm (shapeshifter) (D:9)
  20 water moccasins
  16 nagas
  4 acid dragons
  2 floating eyes
  Duvessa (D:7)
  7 hell hounds
  9 swamp drakes (Swamp:4)
  35 orc warriors
  A black bear (Lair:3)
  7 ice beasts
  3 sky beasts (D:7)
  An alligator simulacrum (IceCv)
  8 ogres
  20 centaurs
  9 large abominations
  9 boggarts
  18 wolves
  A phantom (D:6)
  6 kobold brigands
  7 elf zombies
  9 bullfrogs
  4 small abominations (Depths:3)
  2 gnoll sergeants (D:10)
  3 earth elementals
  5 scorpions
  3 wights (D:9)
  A troll zombie (Swamp:2)
  Dowan (D:7)
  4 troll skeletons (Swamp:2)
  A lindwurm simulacrum (IceCv)
  3 vampire bats (D:4)
  10 howler monkeys
  6 electric eels
  2 human zombies (Ossuary)
  A jelly (D:7)
  2 gnoll boudas
  31 orc priests
  A quasit (Abyss:1)
  Crazy Yiuf (D:7)
  Natasha (thrice) (D:4)
  3 iguanas
  16 orc wizards
  2 mummies (Ossuary)
  21 gnolls
  3 adders
  2 shadow imps
  A white imp (D:8)
  2 ufetubi (D:5)
  An adder zombie (Ossuary)
  2 worms
  3 dart slugs
  66 orcs
  5 ball pythons
  3 endoplasms
  7 goblins
  4 hobgoblins
  10 jackals
  19 kobolds
  5 quokkas
  14 bats
  5 frilled lizards
  2 goblin zombies (Ossuary)
  8 hobgoblin zombies (Ossuary)
  A jackal zombie (Ossuary)
  10 kobold zombies (Ossuary)
  8 orc zombies (Ossuary)
  4 rats
  2 rat zombies (Ossuary)
  2 starspawn tentacles (Abyss:1)
1701 creatures vanquished.

Vanquished Creatures (others)
  A deep elf elementalist (Elf:3)
  A peacekeeper (Desolation)
  A bloated husk (Swamp:2)
  A saltling (Desolation)
  A spriggan (Depths:3)
  A water elemental (Elf:2)
  A naga (Snake:3)
  An orc warrior (Orc:2)
  A shadow imp (D:6)
  A butterfly (Depths:1)
  15 foxfires
  52 spectral weapons
77 creatures vanquished.

Grand Total: 1778 creatures vanquished

Notes
Turn   | Place    | Note
-------+----------+-------------------------------------------
     0 | D:1      | CInkIbrahim the Formicid Fighter began the quest for the
                  | Orb.
     0 | D:1      | Reached XP level 1. HP: 18/18 MP: 1/1
   155 | D:1      | Reached XP level 2. HP: 24/24 MP: 2/2
   327 | D:1      | Reached XP level 3. HP: 27/29 MP: 3/3
   904 | D:2      | You fall into a shaft and drop 1 floor!
   905 | D:3      | Identified 2 scrolls of acquirement
   905 | D:3      | Acquired the ring of Anylucoh {Fly rElec rF+ Will+ Int+3}
   906 | D:3      | Acquired a manual of Fighting
   910 | D:3      | Gained mutation: You are partially covered in iridescent
                  | scales. (AC +2) [potion of mutation]
   910 | D:3      | Gained mutation: You have hidden genetic potential. [potion
                  | of mutation]
   910 | D:3      | Gained mutation: Your flesh is heat resistant. (rF+)
                  | [potion of mutation]
   910 | D:3      | Gained mutation: Your spells are a little harder to cast,
                  | but a little more powerful. [potion of mutation]
   932 | D:3      | Reached XP level 4. HP: 35/35 MP: 4/4
   959 | D:3      | Gained mutation: Your flesh is very heat resistant. (rF++)
                  | [hidden potential]
  1139 | D:3      | Found a glowing golden altar of the Shining One.
  1373 | D:2      | Reached XP level 5. HP: 38/41 MP: 5/5
  1841 | D:3      | Found a bloodstained altar of Trog.
  1925 | D:3      | Reached skill level 5 in Polearms
  2114 | D:3      | Gained mutation: Your flesh is almost immune to the effects
                  | of heat. (rF+++) [hidden potential]
  2114 | D:3      | Lost mutation: You have hidden genetic potential. [hidden
                  | potential expressed]
  2140 | D:4      | Found Kaniveng's Jewellery Boutique.
  2210 | D:4      | Noticed Natasha
  2219 | D:4      | Killed Natasha
  2296 | D:4      | Noticed a bullfrog
  2307 | D:4      | Killed a bullfrog
  2308 | D:4      | Reached XP level 6. HP: 47/47 MP: 6/6
  2351 | D:4      | Noticed Natasha
  2358 | D:4      | Killed Natasha
  2391 | D:4      | Noticed Natasha
  2415 | D:4      | Killed Natasha
  2623 | D:4      | Found an ancient bone altar of Kikubaaqudgha.
  2694 | D:4      | Reached XP level 7. HP: 52/52 MP: 7/7
  2836 | D:4      | Found the +5 glaive of the Guard {elec, spectral, AC+5}
  2873 | D:4      | Noticed Sigmund
  2883 | D:4      | Killed Sigmund
  3020 | D:4      | Found a staircase to the Ecumenical Temple.
  3122 | D:5      | Entered Level 5 of the Dungeon
  3198 | D:5      | Reached skill level 4 in Fighting
  3198 | D:5      | Reached XP level 8. HP: 61/61 MP: 8/8
  3232 | D:5      | Found a sand-covered staircase.
  3248 | Ossuary  | Entered an ossuary
  3365 | Ossuary  | Reached skill level 5 in Fighting
  3380 | Ossuary  | Reached skill level 6 in Fighting
  3523 | D:5      | Reached skill level 7 in Fighting
  4101 | D:6      | Identified the +1 rapier "Widowermaker" {freeze, Will+
                  | Str+4}
  4151 | D:6      | Reached skill level 8 in Fighting
  4151 | D:6      | Reached XP level 9. HP: 74/74 MP: 9/9
  4195 | D:6      | Identified the +4 spear "Tomomn" {elec, rElec SInv}
  4468 | D:6      | Found a sparkling altar of Nemelex Xobeh.
  4485 | D:6      | Reached skill level 9 in Fighting
  4627 | D:6      | Found a radiant altar of Vehumet.
  4749 | D:7      | Reached skill level 10 in Polearms
  4784 | D:7      | Noticed Duvessa
  4787 | D:7      | Killed Duvessa
  4796 | D:7      | Noticed Dowan
  4797 | D:7      | Reached skill level 10 in Fighting
  4800 | D:7      | Killed Dowan
  4923 | D:7      | Identified the +5 chain mail of Context {Fly rElec Dex-3}
  5020 | D:7      | Noticed Menkaure
  5031 | D:7      | Killed Menkaure
  5032 | D:7      | Reached skill level 11 in Fighting
  5184 | D:7      | Found a runed translucent door.
  5185 | D:7      | Noticed Crazy Yiuf
  5473 | D:7      | Killed Crazy Yiuf
  5490 | D:8      | Found a snail-covered altar of Cheibriados.
  5602 | Temple   | Entered the Ecumenical Temple
  5860 | D:8      | Reached XP level 10. HP: 89/89 MP: 10/10
  5890 | D:8      | Found a shadowy altar of Dithmenos.
  5978 | D:8      | Noticed Joseph
  5986 | D:8      | Killed Joseph
  5987 | D:8      | Reached skill level 12 in Fighting
  6525 | D:9      | Noticed Maggie
  6637 | D:9      | Killed Maggie
  6638 | D:9      | Reached skill level 13 in Fighting
  6645 | D:9      | Found a blossoming altar of Fedhas.
  6668 | D:9      | Identified the +4 leather armour of the Red God {*Corrode
                  | Fly rC+ Dex+6}
  6719 | D:9      | Noticed a rime drake
  6731 | D:9      | Killed a rime drake
  6747 | D:9      | Noticed Gastronok
  6749 | D:9      | Reached skill level 14 in Fighting
  6767 | D:9      | Killed Gastronok
  6768 | D:9      | Reached XP level 11. HP: 80/101 MP: 11/11
  6774 | D:9      | Found a staircase to the Lair.
  6907 | D:9      | Noticed a cyclops
  6917 | D:9      | Noticed a deep troll
  6918 | D:9      | Noticed Grum
  6924 | D:9      | Reached skill level 15 in Fighting
  6927 | D:9      | Killed Grum
  6931 | D:9      | a deep troll changed into a spark wasp
  6931 | D:9      | Noticed a spark wasp (shapeshifter)
  7025 | D:10     | Entered Level 10 of the Dungeon
  7068 | D:10     | Noticed Erolcha
  7075 | D:10     | Killed Erolcha
  7339 | D:10     | Found a broken altar of Ashenzari.
  8001 | Lair:1   | Entered Level 1 of the Lair of Beasts
  8333 | Lair:1   | Reached skill level 16 in Fighting
  8393 | Lair:1   | Reached XP level 12. HP: 94/111 MP: 12/12
  8817 | Lair:1   | Reached skill level 5 in Armour
  9329 | Lair:2   | Noticed an eight-headed hydra
  9335 | Lair:2   | Killed a 13-headed hydra
  9524 | Lair:2   | Reached skill level 15 in Polearms
  9905 | Lair:3   | Noticed Urug
  9910 | Lair:3   | Killed Urug
  9944 | Lair:3   | Found a staircase to the Snake Pit.
  9985 | Lair:3   | Noticed Prince Ribbit
  9987 | Lair:3   | Reached XP level 13. HP: 106/117 MP: 13/13
  9989 | Lair:3   | Killed Prince Ribbit
 10201 | Lair:3   | Found a staircase to the Swamp.
 10469 | Lair:3   | Reached skill level 10 in Armour
 11341 | Lair:4   | Reached XP level 14. HP: 108/125 MP: 14/14
 11767 | Lair:5   | Entered Level 5 of the Lair of Beasts
 12004 | Lair:5   | Found a staircase to the Slime Pits.
 12703 | Lair:5   | Reached XP level 15. HP: 125/131 MP: 15/15
 12992 | Lair:5   | Found a burning altar of Makhleb.
 13183 | Lair:5   | Found a gateway to Hell.
 13990 | D:9      | Found a glowing silver altar of Zin.
 14030 | D:9      | Found an opulent altar of Gozag.
 14419 | D:11     | Reached skill level 1 in Dodging
 14926 | D:11     | Found a staircase to the Orcish Mines.
 14929 | D:11     | Found Ewezinta's Weapon Shop.
 15028 | D:11     | Noticed Psyche
 15034 | D:11     | Killed Psyche
 15094 | Orc:1    | Entered Level 1 of the Orcish Mines
 15103 | Orc:1    | Found Fuusec's General Store.
 15128 | Orc:1    | Reached skill level 15 in Armour
 15152 | Orc:1    | Bought a scroll of vulnerability for 52 gold pieces
 15664 | Orc:2    | Entered Level 2 of the Orcish Mines
 15838 | Orc:2    | Found a staircase to the Elven Halls.
 17168 | Orc:2    | Found Jygefugu's Magic Scroll Shoppe.
 17171 | Orc:2    | Found Nicih's Antique Weapon Emporium.
 17172 | Orc:2    | Found Bireleh's Antique Weapon Shoppe.
 17173 | Orc:2    | Found Lestoitz's Distillery.
 17179 | Orc:2    | Bought a potion of ambrosia for 112 gold pieces
 17179 | Orc:2    | Bought a potion of curing for 42 gold pieces
 17179 | Orc:2    | Bought a potion of curing for 42 gold pieces
 17179 | Orc:2    | Bought a potion of curing for 42 gold pieces
 17179 | Orc:2    | Bought a potion of heal wounds for 70 gold pieces
 17179 | Orc:2    | Bought a potion of mutation for 112 gold pieces
 17180 | Orc:2    | Bought a scroll of identify for 22 gold pieces
 17180 | Orc:2    | Bought a scroll of teleportation for 33 gold pieces
 17232 | Orc:2    | Bought a scroll of enchant armour for 82 gold pieces
 17232 | Orc:2    | Bought a scroll of poison for 44 gold pieces
 17232 | Orc:2    | Bought a scroll of poison for 44 gold pieces
 17232 | Orc:2    | Bought a scroll of fear for 44 gold pieces
 17413 | D:12     | Reached XP level 16. HP: 140/140 MP: 16/16
 17635 | D:12     | Found a gate leading to a gauntlet.
 17655 | Gauntlet | Entered a Gauntlet
 17655 | Gauntlet | Found a large runed translucent door.
 17655 | Gauntlet | Found a large runed translucent door.
 17655 | Gauntlet | Found a large runed translucent door.
 17655 | Gauntlet | Found a large runed translucent door.
 17655 | Gauntlet | Found a runed translucent door.
 17655 | Gauntlet | Found a large runed translucent door.
 17655 | Gauntlet | Found a large runed translucent door.
 17655 | Gauntlet | Found a transporter.
 17655 | Gauntlet | Found a transporter.
 17655 | Gauntlet | Found a large runed translucent door.
 17655 | Gauntlet | Found a large runed translucent door.
 17655 | Gauntlet | Found a runed translucent gate.
 17655 | Gauntlet | Found a runed translucent gate.
 17655 | Gauntlet | Found a transporter.
 17656 | Gauntlet | Found a transporter.
 17662 | Gauntlet | Found a transporter.
 17672 | Gauntlet | Found a transporter.
 17677 | Gauntlet | Found a transporter.
 17686 | Gauntlet | Found a transporter.
 17696 | Gauntlet | Found a transporter.
 17713 | Gauntlet | Found a transporter.
 17723 | Gauntlet | Found a transporter.
 17744 | Gauntlet | Found a transporter.
 17748 | Gauntlet | Found a large runed translucent door.
 17748 | Gauntlet | Found a large runed translucent door.
 17749 | Gauntlet | Found a large runed translucent door.
 17749 | Gauntlet | Found a large runed translucent door.
 17750 | Gauntlet | Found a large runed translucent door.
 17750 | Gauntlet | Found a large runed translucent door.
 17750 | Gauntlet | Found a large runed translucent door.
 17750 | Gauntlet | Found a large runed translucent door.
 17751 | Gauntlet | Found a runed translucent door.
 17829 | Gauntlet | Found a runed translucent gate.
 17913 | Gauntlet | Identified the +1 pair of boots of Feasting {Int+7 Dex+2}
 17946 | Gauntlet | Reached skill level 17 in Fighting
 17955 | Gauntlet | Identified the +1 pair of gloves of the Dragon {Str+2}
 18016 | Gauntlet | Identified the +2 hat "Koeseri Gaki" {rElec SInv Stlth+}
 18016 | Gauntlet | Identified the staff of death "Ynidghize" {Fragile rF+++
                  | rN+ Will- rCorr}
 18091 | D:12     | Noticed Snorg
 18098 | D:12     | Killed Snorg
 18901 | D:13     | Reached skill level 5 in Dodging
 18903 | D:13     | Found the +3 salamander hide armour {Flames, rFlCloud rF++
                  | rC--}
 19216 | D:13     | Identified the +2 chain mail of the Armoured One {rPois
                  | Int+3}
 19413 | D:14     | Found the +8 demon blade "Leech" {evervamp, Harm Drain rN+}
 19724 | D:14     | Found a gate to the Vaults.
 19853 | D:15     | Entered Level 15 of the Dungeon
 20853 | D:15     | Identified Roxanne's Octavo of Flesh
 20853 | D:15     | Noticed Roxanne
 20861 | D:15     | Reached XP level 17. HP: 149/149 MP: 17/17
 20873 | D:15     | Reached skill level 5 in Shields
 20956 | D:15     | Noticed Nessos
 20967 | D:15     | Killed Nessos
 21293 | D:15     | Found Naimna's Book Emporium.
 21641 | D:15     | Killed Roxanne
 21938 | D:15     | Found a staircase to the Depths.
 22203 | Orc:2    | Bought a faintly glowing long sword for 306 gold pieces
 22203 | Orc:2    | Identified the +7 long sword of Abli {freeze, Int+3} (You
                  | bought it in a shop on level 2 of the Orcish Mines)
 22429 | Swamp:1  | Entered Level 1 of the Swamp
 22506 | Swamp:1  | Reached skill level 18 in Fighting
 24270 | Swamp:3  | Identified the +8 longbow of Optimality {antimagic, Str+3}
 24442 | Swamp:4  | Entered Level 4 of the Swamp
 24671 | Swamp:4  | Reached skill level 10 in Shields
 24853 | Swamp:4  | Reached XP level 18. HP: 158/158 MP: 18/18
 25051 | Swamp:4  | Identified the +0 helmet of the King of the Hill {rC-
                  | Dex+5}
 25333 | Swamp:4  | Reached skill level 1 in Evocations
 25519 | Swamp:4  | Identified the staff of cold "Xivesux" {rC+ Will+ rCorr}
 25531 | Swamp:4  | Got a decaying rune of Zot
 25757 | Snake:1  | Entered Level 1 of the Snake Pit
 25782 | Snake:1  | Found Mitoiteu's Jewellery Boutique.
 25798 | Snake:1  | Found Bucup's Book Emporium.
 25909 | Snake:1  | Found a frozen archway.
 25934 | IceCv    | Entered an ice cave
 26116 | IceCv    | Found a transporter.
 26126 | IceCv    | Found a transporter.
 26438 | Snake:1  | Found Hinir's Weapon Shoppe.
 26446 | Snake:1  | Found a runed translucent door.
 26446 | Snake:1  | Noticed gdog's ghost (adept GnDe)
 26650 | Snake:1  | Found Zeipp's Assorted Antiques.
 26657 | Snake:1  | Bought a scroll of immolation for 128 gold pieces
 26659 | Snake:1  | Bought a scroll of silence for 304 gold pieces
 26760 | Snake:1  | Found Rekkoask's Book Boutique.
 26866 | Snake:1  | Killed gdog's ghost
 26867 | Snake:1  | Reached skill level 19 in Fighting
 26933 | Snake:1  | Bought the ring of Shadows {Umbra +Inv Stlth+} for 480 gold
                  | pieces
 26933 | Snake:1  | Found the ring of Shadows {Umbra +Inv Stlth+}
 26960 | Snake:2  | Reached skill level 1 in Stealth
 27755 | Snake:3  | Noticed Vashnia
 27764 | Snake:3  | Reached XP level 19. HP: 154/166 MP: 19/19
 27776 | Snake:3  | Killed Vashnia
 27777 | Snake:3  | Reached skill level 5 in Evocations
 28171 | Snake:3  | Found a runed translucent gate.
 28389 | Snake:3  | Noticed Jorgrun
 28396 | Snake:3  | Killed Jorgrun
 28433 | Snake:3  | Reached skill level 5 in Stealth
 28661 | Snake:3  | Noticed sleeves's ghost (adept BaSu)
 28676 | Snake:3  | Found a runed translucent gate.
 28681 | Snake:3  | Found a runed translucent gate.
 28685 | Snake:3  | Found the +11 Singing Sword {sonic wave}
 28757 | Snake:3  | Killed sleeves's ghost
 28775 | Snake:3  | Identified the staff of air "Wodiot" {rElec rC+ Str+5
                  | Int+3}
 28955 | Snake:4  | Entered Level 4 of the Snake Pit
 29216 | Snake:4  | Found a hazy altar of Hepliaklqana.
 30690 | Snake:4  | Reached skill level 10 in Dodging
 30708 | Snake:4  | Got a serpentine rune of Zot
 31137 | Elf:1    | Entered Level 1 of the Elven Halls
 31145 | Elf:1    | Reached XP level 20. HP: 146/174 MP: 20/20
 31435 | Elf:1    | Found a crumbling gateway.
 31449 | Desolati | Entered the Desolation of Salt
 31658 | Desolati | Identified the ring of Zeloqong {Fire Int+2}
 31872 | Desolati | Got Kaherum's Directory of Vapourous Apparitions
 31925 | Desolati | Reached skill level 10 in Stealth
 31939 | Desolati | Identified the +0 chain mail of Theory {rF+ rN+ Int-2}
 31944 | Desolati | Got Sif Muna's Parchment of Blows
 31966 | Desolati | Identified the +6 mace "Arbiter" {flame, Dex+3}
 32182 | Desolati | Got the Lectures on Limned Aeromancy
 32846 | Elf:1    | Got the Thoughts on Last Rites
 32971 | Elf:1    | Reached skill level 10 in Evocations
 33509 | Elf:2    | Reached XP level 21. HP: 151/182 MP: 21/21
 33722 | Elf:2    | Found a runed translucent gate.
 33723 | Elf:2    | Found a runed translucent gate.
 33723 | Elf:2    | Found a runed translucent gate.
 33755 | Elf:2    | Found Polangog's Antique Weapon Boutique.
 34322 | Elf:2    | Reached skill level 20 in Fighting
 34741 | Elf:3    | Entered Level 3 of the Elven Halls
 34741 | Elf:3    | Identified the +1 pair of gloves "Uxzes" {Stlth+}
 34741 | Elf:3    | Noticed Nikola
 34828 | Elf:3    | Killed Nikola
 35824 | Elf:3    | Identified the +1 leather armour of Impatience {Harm Fly
                  | Str+5}
 35848 | Elf:3    | Identified the +3 glaive of the Philosopher {pain, *Rage
                  | rPois rF++ Stlth+}
 35869 | Elf:3    | Identified the +8 flail "Pochimue" {venom, rPois}
 35869 | Elf:3    | Noticed Louise
 35885 | Elf:3    | Killed Louise
 35893 | Elf:3    | Killed the ghostly Louise
 36062 | Elf:3    | Reached skill level 15 in Shields
 36166 | Elf:3    | Identified the +6 long sword of the Coward {heavy, Int+2}
 36199 | Elf:3    | Reached XP level 22. HP: 182/190 MP: 22/22
 36256 | Elf:3    | Found the +16 obsidian axe {drain, demonic, Mesm Drain Fly
                  | SInv}
 36485 | Elf:3    | Found Veothr Suluig's Assorted Antiques.
 36487 | Elf:3    | Found Ledo's General Store.
 36495 | Elf:3    | Found Dafuf's Magic Scroll Emporium.
 36501 | Elf:3    | Bought a scroll of enchant armour for 255 gold pieces
 36502 | Elf:3    | Bought a scroll of brand weapon for 323 gold pieces
 36502 | Elf:3    | Bought an ichor-stained flail for 289 gold pieces
 36502 | Elf:3    | Identified the +2 flail of Tick {freeze, Fragile Will+
                  | rCorr} (You bought it in a shop on level 3 of the Elven
                  | Halls)
 36508 | Elf:3    | Bought a scroll of magic mapping for 112 gold pieces
 36514 | Elf:3    | Bought a scroll of immolation for 60 gold pieces
 36655 | Elf:3    | Identified the staff of air "Piticosch" {rElec Int+3}
 36725 | Elf:3    | Identified the ring of the Final Chapter {Fire rCorr Str-5
                  | Dex+3}
 37173 | Vaults:1 | Entered Level 1 of the Vaults
 37255 | Vaults:1 | Found Qumuot's Distillery.
 37261 | Vaults:1 | Bought a potion of might for 76 gold pieces
 37261 | Vaults:1 | Bought a potion of might for 76 gold pieces
 37261 | Vaults:1 | Bought a potion of mutation for 152 gold pieces
 37261 | Vaults:1 | Bought a potion of mutation for 152 gold pieces
 37261 | Vaults:1 | Bought a potion of curing for 57 gold pieces
 37330 | Vaults:1 | Found a portal to a secret trove of treasure.
 38785 | Vaults:1 | You paid a toll of a +8 demon trident to enter a treasure
                  | trove
 38786 | Trove    | Entered a treasure trove
 38793 | Trove    | Identified the +6 scale mail of the Teacher {rN+}
 38794 | Trove    | Identified the amulet of Etoenoel {Acrobat rC+ Str+3}
 38805 | Trove    | Identified the ring of Sif Muna, Kissing {rF+ Int+9}
 38810 | Trove    | Identified the +3 pair of gloves "Faolo" {Fly rPois}
 38811 | Trove    | Identified the amulet of Xom's Whimsicality {Spirit Str+3}
 39084 | Vaults:1 | Reached skill level 1 in Invocations
 39271 | Vaults:1 | Found Hych's Book Shoppe.
 39279 | Vaults:1 | Bought a manual of Fighting for 1440 gold pieces
 40507 | Vaults:2 | Found a staircase to the Crypt.
 40524 | Vaults:2 | Reached skill level 21 in Fighting
 41774 | Vaults:3 | Reached XP level 23. HP: 201/201 MP: 26/26
 42603 | Vaults:4 | Reached skill level 5 in Invocations
 42755 | Vaults:4 | Reached skill level 22 in Fighting
 42802 | Vaults:4 | Found a runed translucent door.
 42808 | Vaults:4 | Noticed Muvus's ghost (adept DsFi)
 42831 | Vaults:4 | Killed Muvus's ghost
 42841 | Vaults:4 | Got the Book of Silt
 43022 | Vaults:4 | Reached skill level 15 in Stealth
 43650 | Vaults:4 | Noticed Donald
 43660 | Vaults:4 | Killed Donald
 44141 | Depths:1 | Entered Level 1 of the Depths
 44141 | Depths:1 | Found Qatum's Jewellery Emporium.
 44142 | Depths:1 | Found Seapys's Book Shop.
 44143 | Depths:1 | Found Cyofag's Jewellery Emporium.
 44175 | Depths:1 | Noticed a juggernaut
 44218 | D:15     | Killed a juggernaut
 44234 | Depths:1 | Noticed the Enchantress
 44425 | D:15     | Killed the Enchantress
 45194 | Depths:1 | Reached skill level 23 in Fighting
 45536 | Depths:1 | Found a white marble altar of Elyvilon.
 45845 | Depths:1 | Reached XP level 24. HP: 214/214 MP: 28/28
 46335 | Depths:2 | Found a one-way gate leading to the halls of Pandemonium.
 46490 | Depths:2 | Noticed a caustic shrike
 46539 | Depths:2 | Found a one-way gateway to a ziggurat.
 46647 | Depths:2 | Noticed a golden dragon
 46869 | Depths:2 | Noticed a juggernaut
 46872 | Depths:2 | Killed a caustic shrike
 46890 | Depths:2 | Killed a juggernaut
 47154 | Depths:2 | Killed a golden dragon
 47335 | Depths:2 | Identified the +7 scimitar "Cequint" {pain, Fly rElec Will+
                  | Str-5}
 47505 | Depths:2 | Acquired a manual of Polearms
 47506 | Depths:2 | Acquired 969 gold pieces
 47507 | Depths:2 | Acquired the +10 bardiche of Desperation {heavy, Int+3
                  | Dex+2}
 48151 | Depths:3 | Reached skill level 24 in Fighting
 48165 | Depths:3 | Noticed Boris
 48179 | Depths:3 | Killed Boris
 48288 | Depths:3 | Found a one-way gate to the infinite horrors of the Abyss.
 48479 | Depths:3 | Voluntarily entered the Abyss.
 48568 | Abyss:1  | Gained mutation: Your magical capacity is low. (-10% MP) [a
                  | neqoxec]
 48577 | Abyss:1  | Gained mutation: You are frail. (-10% HP) [a neqoxec]
 48607 | Abyss:1  | Found a corrupted altar of Lugonu.
 48614 | Abyss:1  | Became a worshipper of Lugonu the Unformed
 48614 | Abyss:1  | Reached * piety under Lugonu
 48614 | Abyss:1  | Reached ** piety under Lugonu
 48849 | Depths:3 | Escaped the Abyss
 49085 | Depths:3 | Noticed Parghit
 49122 | Depths:3 | Slain by Parghit

Illustrated notes

Levels and vault maps discovered:
D:1:      tarquinn_simple_flora_water_f, layout_basic
D:2:      layout_basic
D:3:      layout_loops_cross, general_overflow_altar, trog_book,
          glass_columns_a, nicolae_underground_beach
D:4:      layout_basic, lemuel_round_altar, minmay_temple_entry_from_below_b,
          serial_shops, nicolae_shop_just_a_little_nook, roderic_batcave,
          uniq_natasha, uniq_sigmund
D:5:      layout_cave_pools, enter_ossuary_1
D:6:      layout_basic, nicolae_overflow_hidden_temple, serial_bayou_ford_a,
          lemuel_flamethrower_2
D:7:      nicolae_BIG_FREAKIN_CUBE, layout_loops_cross, uniq_menkaure,
          uniq_duvessa, uniq_crazy_yiuf_cottage
D:8:      layout_gridville, kennysheep_slug_shrine,
          nicolae_dithmenos_through_a_glass_darkly, uniq_joseph
D:9:      layout_basic, pdpol_temple_overflow_zin_treasury_gozag_greed,
          fedhas_bush_and_centaur_altar, hellmonk_lair_entry_icy,
          minmay_mirror_moons_of_madness, uniq_grum, uniq_gastronok, uniq_maggie
D:10:     layout_roguey, ashenzari_altar_1, billiards_dpeg, uniq_erolcha
D:11:     layout_basic, orc_david_3, uniq_psyche
D:12:     layout_basic, gauntlet_entry_generic, minmay_misc_feat_alley,
          uniq_snorg
D:13:     layout_roguey
D:14:     layout_loops_corners, hangedman_vaults_entry_quadrant_bands,
          serial_glass, glass_columns_a, glass_columns_c, due_unseen_surprise,
          roderic_lattice_a
D:15:     grunt_enter_depths_magical_seal, layout_cave_pools,
          corexii_hall_statues_l, serial_shops, shop, uniq_roxanne, uniq_nessos
Temple:   compressed_dpeg_circular_temple
Lair:1:   layout_gridlike, grunt_megastairs_3, infiniplex_staircase_pool
Lair:2:   layout_gridlike, chequers_serial_rivers_small_3, disabler_island
Lair:3:   layout_hall_layers, swamp_mist_pool, minmay_snake_entry_six_corridors,
          serial_bayou_shore_b, uniq_urug, uniq_prince_ribbit2
Lair:4:   layout_hall_layers
Lair:5:   evil_forest, layout_gridlike, minmay_slime_entry_eyes, st_stairs_11,
          serial_bayou_pond_b, grunt_forest_large_clearing_hut,
          lemuel_fruit_tree
Swamp:1:  layout_basic_swamp, hangedman_swamp_ruin_hall
Swamp:2:  layout_basic_swamp, nicolae_swamp_tree_designs, swamp_pool3,
          hangedman_swamp_lotus, cheibrodos_swamp_minitomb
Swamp:3:  layout_falls_marsh, serial_swamp_ruin, evilmike_swamp_ruin_house_2,
          evilmike_swamp_ruin_rubble_1, evilmike_swamp_ruin_house_5
Swamp:4:  swamp, layout_basic_swamp
Snake:1:  layout_misc_corridors, portal_ice_cave_entry_ugly_swarm, serial_shops,
          nicolae_shop_pleasant_corner_grove,
          nicolae_shop_competitors_out_of_business,
          nicolae_shop_advertising_works [nicolae_subvault_shop_adworks],
          nicolae_shop_pleasant_corner_grove, nicolae_book_shop_shelving,
          gammafunk_ghost_grave
Snake:2:  layout_grid_maze, nicolae_integral_box
Snake:3:  layout_cave_pods, gammafunk_ghost_split, uniq_vashnia, uniq_jorgrun
Snake:4:  snake_pit_salamanders_mu, layout_cave_town, basic_altar
Orc:1:    layout_diamond_mine, guppyfry_orc_lava_fort
Orc:2:    st_orc_pillars, layout_diamond_mine, mines_bat_river
Elf:1:    eino_elf_arrival_shootout, layout_loops_cross,
          portal_desolation_entry_nicolae_forbidding_blocks,
          minmay_elf_necromancy, evilmike_minifort
Elf:2:    nicolae_elf_blades_crystal_corner, layout_geoelf_octagon,
          serial_shops, nicolae_shop_tiny_waterfront, st_stairs_3
Elf:3:    grunt_elf_hall_branching, layout_geoelf_octagon,
          lemuel_flamethrower_3, minmay_shop_star, uniq_louise, uniq_nikola
Vaults:1: nicolae_vaults_rhombus_7, v_pattern_5,
          nicolae_vaults_offset_grid_hallway_3, nicolae_vaults_tetromino_L_1,
          vaults_room_grunt_arrival_ludios, nicolae_vaults_house_3,
          layout_vaults_omnigrid, nicolae_trove_entry_free_sample, serial_shops,
          nicolae_square_shop, shop
Vaults:2: minmay_crypt_entry_simple_sparse, hangedman_vaults_stretched_pinwheel,
          nicolae_vaults_offset_grid_hallway_3, ontoclasm_vaults_tryst,
          nicolae_vaults_tetromino_T_2, nicolae_vaults_shrinking_rooms_1,
          vaults_dpeg_diagonal, nicolae_vaults_little_squares_6,
          ontoclasm_vaults_hangar, nicolae_vaults_what_the_h,
          nicolae_vaults_house_1, nicolae_vaults_closet_pinwheel_1, v_misc_30,
          layout_vaults_omnibox
Vaults:3: nicolae_vaults_closet_pinwheel_4, nicolae_vaults_sealed_display,
          nicolae_vaults_storage_closets_2, ontoclasm_vaults_twist,
          hangedman_vaults_pinch, nicolae_vaults_little_squares_5,
          nicolae_vaults_little_squares_1, nicolae_vaults_trapezoid_layered,
          nicolae_vaults_double_plus_1, hangedman_vaults_river_flow,
          nicolae_vaults_mini_display_case, nicolae_vaults_trapezoid_4,
          layout_vaults_omnicross
Vaults:4: hellmonk_ghost_big_iron, nicolae_vaults_trapezoid_lopsided_1,
          nicolae_vaults_ring_of_whatevers, nicolae_vaults_weapon_check,
          v_misc_2, v_misc_2, vaults_room_pools, nicolae_vaults_house_3,
          vaults_standard_mumra_lines, vaults_dpeg_hooks, layout_vaults_ring,
          uniq_donald
Depths:1: layout_gridlike, hell_entry, minmay_holes,
          nicolae_elyvilon_peaceful_grove, kennysheep_random_hallway,
          minmay_shop_grove, serial_bayou_shore_a,
          infiniplex_staircase_pool_lava, serial_bayou_shore_b, uniq_enchantress
Depths:2: minmay_strange_plus, layout_honeycomb, enter_ziggurat_f, hell_entry,
          grunt_pan_entry_sceptre
Depths:3: dreamdust_experimentation, layout_cave_shapes,
          nicolae_uskayaw_suspiria, minmay_room_of_horrors,
          hangedman_tar_grid_catacomb, dk_noncrumbling_4,
          kennysheep_generic_room_8, uniq_boris, uniq_parghit

Skill      XL: |  1  2  3  4  5  6  7  8  9 10 11 12 13 14 15 16 17 18 19 20 21 22 23 24 |
---------------+-------------------------------------------------------------------------+-----
Polearms       | 3 4 6 8 9 11 12 14 15 17 18 19 20 21 | 21.2
Fighting       | 4 8 11 14 16 17 18 19 20 21 23 24 | 24.0
Armour         | 8 11 14 15 16 17 18 19 20 | 20.3
Dodging        | 4 6 8 9 10 11 12 | 12.8
Shields        | 10 12 13 14 15 16 17 | 17.1
Evocations     | 4 8 10 12 13 14 | 14.5
Stealth        | 3 8 11 13 14 15 16 | 16.2
Invocations    | 4 6 8 |  8.9

Action                     |  1- 3 |  4- 6 |  7- 9 | 10-12 | 13-15 | 16-18 | 19-21 | 22-24 || total
---------------------------+-------+-------+-------+-------+-------+-------+-------+-------++-------
  Melee: Trident           |    66 |   151 |    42 |       |       |       |       |       ||   259
         Glaive            |       |       |   139 |   263 |   565 |   713 |   845 |  1034 ||  3559
         Bardiche          |       |       |       |       |       |       |       |    15 ||    15
  Throw: Dart              |       |     2 |       |       |       |       |       |       ||     2
  Evoke: Wand              |       |       |       |       |     1 |     1 |     1 |     2 ||     5
    Use: Scroll            |     2 |     5 |     4 |     5 |    19 |     3 |    13 |    12 ||    63
         Potion            |     1 |     1 |       |     3 |     7 |     6 |     8 |     6 ||    32
   Stab: Distracted        |       |       |     1 |     2 |     4 |     9 |    21 |    31 ||    68
         Invisible         |       |       |       |       |     8 |     1 |     8 |     1 ||    18
         Sleeping          |       |       |       |       |       |       |    33 |    48 ||    81
 Armour: Scale mail        |    14 |    56 |    47 |       |       |       |       |       ||   117
         Chain mail        |       |       |     7 |   168 |    85 |       |       |       ||   260
         Skin              |       |       |       |       |     7 |       |       |       ||     7
         Pearl dragon scal |       |       |       |       |    96 |   381 |   266 |   325 ||  1068
  Dodge: Dodged            |    10 |    45 |    49 |    85 |   112 |   263 |   232 |   428 ||  1224
  Block: Buckler           |    20 |    26 |    30 |    46 |    62 |    43 |       |       ||   227
         Kite shield       |       |       |       |       |       |   232 |   363 |   580 ||  1175
